 Dungeon Crawl Stone Soup version 0.30.1-11-g7821555f0a (webtiles) character file.

Game seed: 8464372212313364615

74 Peloso the Shield-Bearer (level 4, -1/41 HPs)
             Began as a Minotaur Fighter on Oct 31, 2023.
             Slain by Pikel
             ... wielding a +1 whip of freezing
              (5 damage)
             ... on level 4 of the Dungeon.
             The game lasted 00:02:32 (2422 turns).

Peloso the Shield-Bearer (Minotaur Fighter)         Turns: 2422, Time: 00:02:32

Health: -1/41      AC:  7    Str: 18 (20) XL:     4   Next: 10%
Magic:  3/3        EV:  9    Int:  2 (5)  God:
Gold:   111        SH:  5    Dex: 11 (12) Spells: 3/3 levels left

rFire   . . .        a - +0 long sword
rCold   . . .        c - +0 buckler
rNeg    . . .        b - +0 scale mail
rPois   .            (helmet restricted)
rElec   .            (no cloak)
rCorr   .            (no gloves)
SInv    .            (no boots)
Will    .....        (no amulet) Stlth
                     (no ring)
HPRegen 0.26/turn    (no ring)
MPRegen 0.08/turn

%: no passive effects
@: no status effects
A: horns 2, retaliatory headbutt
a: no special abilities


You were on level 4 of the Dungeon.
You visited 1 branch of the dungeon, and saw 4 of its levels.

You collected 111 gold pieces.

Inventory:

Hand Weapons
 a - a +0 long sword (weapon)
Armour
 b - a +0 scale mail (worn)
 c - a +0 buckler (worn)
Jewellery
 k - a +5 ring of evasion
Wands
 l - a wand of flame (29)
Scrolls
 e - 3 scrolls of immolation {unknown}
 f - a scroll of noise {unknown}
 g - a scroll of torment {unknown}
 h - a scroll of teleportation {unknown}
 i - a scroll of poison {unknown}
 j - a scroll of enchant armour {unknown}
 m - a scroll of identify {unknown}
 o - a scroll of fog {unknown}
 p - a scroll of amnesia {unknown}
Potions
 d - 2 potions of might
 n - a potion of flight


   Skills:
 + Level 4.3 Fighting
 + Level 3.2 Long Blades
 + Level 4.3 Armour
 + Level 0.2 Dodging
 + Level 4.4 Shields


You had 3 spell levels left.
You didn't know any spells.
Your spell library contained the following spells:

 Spells                   Type           Power      Damage    Failure   Level
 Stone Arrow              Conj/Erth      0%         3d7       100%        3
 Animate Armour           Summ/Erth      0%         N/A       100%        4
 Summon Lightning Spire   Summ/Air       0%         N/A       100%        4
 Storm Form               Tmut/Air       0%         N/A       100%        7
 Lehudib's Crystal Spear  Conj/Erth      0%         10d2      100%        8
 Maxwell's Capacitive Co  Air            0%         ∞         100%        8


Dungeon Overview and Level Annotations

Branches:
Dungeon (4/15)
 Temple: D:4-7

Altars:
Cheibriados

Annotations:
D:4 Pikel


Innate Abilities, Weirdness & Mutations

You have a pair of horns on your head.
You reflexively headbutt those who attack you in melee.


Message History

Pikel freezes you.
You completely miss Pikel.
Pikel is severely wounded.
You block Pikel's attack.
You hit Pikel but do no damage. Your headbutt misses Pikel.
Pikel is severely wounded.
Pikel hits you with a +1 whip of freezing.
Pikel freezes you.
You closely miss Pikel.
Pikel is severely wounded.
Pikel hits you with a +1 whip of freezing.
Pikel freezes you.
Pikel hits you with a +1 whip of freezing.
Pikel freezes you.
You closely miss Pikel. Your headbutt misses Pikel.
Pikel is severely wounded.
You block Pikel's attack.
You hit Pikel.
Pikel is almost dead.
Pikel says, "All the demons know me.
They respect me."
Pikel hits you with a +1 whip of freezing.
Pikel freezes you.
You hit Pikel.
Pikel is almost dead.
Pikel hits you with a +1 whip of freezing!
* * * LOW HITPOINT WARNING * * *
Pikel freezes you.
* * * LOW HITPOINT WARNING * * *
You hit Pikel.
Pikel is almost dead.
Pikel hits you with a +1 whip of freezing.
* * * LOW HITPOINT WARNING * * *
Pikel freezes you.
* * * LOW HITPOINT WARNING * * *
You block Pikel's attack.
Okay, then.
You closely miss Pikel.
Pikel is almost dead.
Pikel hits you with a +1 whip of freezing.
You die...

#..#.#####(##..
.. #..........#
##....#.####
###.....####
#.###....#
#..#..##.#
##...## .#
##.####5##
#..†@K55#
######5......
.#####. 5# .#
.# K# .#


You could see Pikel and 4 lemures.

Vanquished Creatures
  2 adders
  3 worms
  An orc (D:3)
  5 bats
  3 endoplasms
  3 giant cockroaches
  8 goblins
  A hobgoblin (D:1)
  4 jackals (D:2)
  2 quokkas
  2 ball pythons
  3 frilled lizards
  3 kobolds
  4 rats
44 creatures vanquished.

Notes
Turn   | Place    | Note
-------+----------+-------------------------------------------
     0 | D:1      | Peloso the Minotaur Fighter began the quest for the Orb.
     0 | D:1      | Reached XP level 1. HP: 19/19 MP: 0/0
   204 | D:1      | Reached XP level 2. HP: 22/27 MP: 1/1
   932 | D:2      | Reached XP level 3. HP: 30/33 MP: 2/2
  2278 | D:3      | Found a snail-covered altar of Cheibriados.
  2354 | D:4      | Reached XP level 4. HP: 41/41 MP: 3/3
  2400 | D:4      | Noticed Pikel
  2400 | D:4      | Noticed a lemure
  2406 | D:4      | Noticed a lemure
  2408 | D:4      | Noticed a lemure
  2409 | D:4      | Noticed a lemure
  2422 | D:4      | Slain by Pikel

Illustrated notes

Levels and vault maps discovered:
D:1:      doesnt_arrival_eight_statues, layout_basic
D:2:      layout_basic, minmay_tromino_i2
D:3:      layout_loops_ring, cheibrodos_worm_habitat
D:4:      layout_loops_ring, mainiacjoe_overflow_alcove_2,
          nicolae_vehumet_radiance, serial_shops, nicolae_take_the_stairs,
          uniq_eustachio, uniq_pikel

Skill      XL: |  1  2  3 |
---------------+----------+-----
Shields        | 4 |  4.4
Fighting       | 4 |  4.3
Armour         | 4 |  4.3
Long Blades    | 3 |  3.2
Dodging        | |  0.2

Action                     |  1- 3 |  4- 6 || total
---------------------------+-------+-------++-------
  Melee: Long sword        |    94 |    19 ||   113
         Headbutt          |    14 |     4 ||    18
    Use: Potion            |     6 |       ||     6
 Armour: Scale mail        |    38 |     2 ||    40
  Dodge: Dodged            |    54 |     6 ||    60
  Block: Buckler           |    16 |     4 ||    20
